 Dungeon Crawl Stone Soup version 0.19-a0-1341-g3513869 (webtiles) character file.

136 lost the Slasher (level 4, -3/32 HPs)
             Began as a High Elf Chaos Knight on Sept 1, 2016.
             Killed from afar by an orc wizard (4 damage)
             ... with a magic dart
             ... on level 3 of the Dungeon.
             The game lasted 00:02:20 (1893 turns).

lost the Slasher (High Elf Chaos Knight)            Turns: 1893, Time: 00:02:20

Health: -3/32      AC:  5    Str: 12    XL:     4   Next: 98%
Magic:  5/5        EV: 13    Int: 15    God:    Xom [*.....]
Gold:   83         SH:  0    Dex: 15    Spells: 0 memorised, 3 levels left

rFire  . . .     SeeInvis .     a - +0 falchion (chaos)
rCold  . . .     Gourm    .     b - +2 leather armour
rNeg   . . .     Faith    .     (no shield)
rPois  .         Spirit   .     (no helmet)
rElec  .         Dismiss  .     (no cloak)
rCorr  .         Reflect  .     (no gloves)
MR     .....     Harm     .     (no boots)
Stlth  +.........               (no amulet)
                                (no ring)
                                (no ring)

@: no status effects
A: no striking features
a: Renounce Religion


You were on level 3 of the Dungeon.
You worshipped Xom.
You were a special plaything of Xom.
You were very hungry.

You visited 1 branch of the dungeon, and saw 3 of its levels.

You collected 83 gold pieces.

Inventory:

Hand Weapons
 a - a +0 falchion of chaos (weapon)
Armour
 b - a +2 leather armour (worn)
Jewellery
 p - an uncursed ring of protection from cold {unknown}
Scrolls
 d - 2 scrolls of remove curse {unknown}
 f - 2 scrolls of teleportation {unknown}
 h - a scroll of enchant weapon {unknown}
 i - a scroll of blinking {unknown}
 j - a scroll of noise {unknown}
 l - a scroll of fear {unknown}
 m - 2 scrolls of identify {unknown}
Potions
 e - 3 potions of lignification {unknown}
 k - a potion of agility {unknown}
 o - a potion of heal wounds
Comestibles
 c - 2 bread rations
 g - a meat ration


   Skills:
 + Level 3.6 Fighting
 * Level 5.4 Long Blades
 + Level 1.7 Armour
 + Level 3.0 Dodging


You had 3 spell levels left.
You didn't know any spells.

Dungeon Overview and Level Annotations

Branches:
Dungeon (3/15)

Altars:


Message History

Something hits you but does no damage. The orc barely misses you.
You hit something.
You heal something.
Xom is highly amused!
Something hits you but does no damage. x2
The orc hits you from afar with a trident.
* * * LOW HITPOINT WARNING * * *
You hit something.
Something hits you but does no damage. x2
Unknown command.
You miss something. The orc hits you but does no damage. Something hits you.
* * * LOW HITPOINT WARNING * * *
Unknown command.
Unknown command.
Okay, then.
Something hits you but does no damage.
Unknown command.
Unknown command.
You hear some strange, mumbled words.
A magic dart appears from out of thin air!
The magic dart hits you!
You die...

#..##.# #.###.# ..
...##.###.# #.#
..........# #.#
...##.##### ...
#.###.# #.# #.# #.#
#.# # #.
#.#############.##.#
#...........@{.....#
###############o####
#.# #o# #)# #.# .o#
####


You could see an orc.

Vanquished Creatures
  An orc wizard (D:3)
  2 adders (D:2)
  An ooze (D:2)
  3 worms (D:2)
  3 dart slugs
  An orc (D:3)
  A ball python (D:2)
  A giant cockroach (D:2)
  7 goblins
  10 hobgoblins
  7 jackals
  8 kobolds
  2 quokkas (D:2)
  9 bats
  A giant newt (D:3)
  4 rats
61 creatures vanquished.

Notes
Turn   | Place    | Note
-------+----------+-------------------------------------------
     0 | D:1      | lost the High Elf Chaos Knight began the quest for the Orb.
     0 | D:1      | Reached XP level 1. HP: 16/16 MP: 2/2
    89 | D:1      | XOM: divination: detect items
   141 | D:1      | XOM: silly message
   197 | D:1      | XOM: silly message
   331 | D:1      | Reached skill level 1 in Armour
   344 | D:1      | XOM: divination: magic mapping
   347 | D:1      | Reached skill level 4 in Long Blades
   369 | D:1      | Reached XP level 2. HP: 15/21 MP: 3/3
   572 | D:1      | XOM: divination: magic mapping
   616 | D:1      | XOM: divination: detect items
   717 | D:1      | XOM: medium Ice miscast
   986 | D:1      | Reached XP level 3. HP: 24/26 MP: 4/4
  1320 | D:2      | Reached XP level 4. HP: 31/31 MP: 5/5
  1356 | D:2      | Reached skill level 5 in Long Blades
  1429 | D:2      | XOM: harmless Chrm miscast
  1440 | D:2      | XOM: potion effect (agility)
  1787 | D:2      | XOM: stat loss: -1 Str (11/12)
  1874 | D:3      | XOM: confusion (+ monsters)
  1888 | D:3      | HP: 1/32 [something (4)]
  1893 | D:3      | Killed from afar by an orc wizard

Vault maps used:
D:1:      dpeg_arrival_concentric_ovals, minmay_tetromino_t2
D:2:      minmay_box_of_dots
D:3:      grunt_gozag_statues

Skill      XL: |  1  2  3  4 |
---------------+-------------+-----
Armour         | 1 |  1.7
Long Blades    | 4 5 |  5.4
Dodging        | 3 |  3.0
Fighting       | |  3.6

Action                   |  1- 3 |  4- 6 || total
-------------------------+-------+-------++-------
Melee: Falchion          |   111 |   106 ||   217
       Dagger            |    16 |       ||    16
  Use: Potion            |       |     3 ||     3
 Stab: Confused          |     1 |       ||     1
       Petrifying        |     1 |       ||     1
  Eat: Chunk             |     1 |     1 ||     2
Armor: Leather armour    |    33 |    35 ||    68
Dodge: Dodged            |    77 |    53 ||   130
